 Dungeon Crawl Stone Soup version 0.25-a0-265-g7af84ae0ac (webtiles) character file.

Game seed: 1099216960111246812, levelgen mode: deterministic

48 MisterFreud the Magician (level 4, 0/34 HPs)
             Began as a Human Wanderer on Dec 8, 2019.
             Slain by a quokka (2 damage)
             ... on level 3 of the Dungeon.
             The game lasted 00:03:27 (2109 turns).

MisterFreud the Magician (Human Wanderer)           Turns: 2109, Time: 00:03:28

Health: 0/34       AC:  2    Str: 12    XL:     4   Next: 0%
Magic:  7/8        EV: 11    Int: 13    God:
Gold:   172        SH:  0    Dex: 13    Spells: 8/9 levels left

rFire    . . .     SeeInvis .   b - +0 hand axe
rCold    . . .     Gourm    .   (no shield)
rNeg     . . .     Faith    .   d - +0 robe
rPois    .         Spirit   .   (no helmet)
rElec    .         Reflect  .   (no cloak)
rCorr    .         Harm     .   (no gloves)
MR       .....                  (no boots)
Stlth    ++........             (no amulet)
HPRegen  0.11/turn              (no ring)
MPRegen  0.11/turn              (no ring)

@: no status effects
A: no striking features
a: no special abilities


You were on level 3 of the Dungeon.
You were not hungry.

You visited 1 branch of the dungeon, and saw 3 of its levels.

You collected 172 gold pieces.

Inventory:

Hand Weapons
 a - a +0 club
 b - a +0 hand axe (weapon)
Missiles
 e - 55 stones (quivered)
 l - 20 arrows
Armour
 d - a +0 robe (worn)
Scrolls
 g - a scroll of random uselessness {unknown}
 h - a scroll of identify {unknown}
 j - a scroll of immolation {unknown}
 n - a scroll of amnesia {unknown}
 p - a scroll of enchant armour {unknown}
Potions
 c - a potion of lignification
 i - a potion of agility {unknown}
 k - a potion of brilliance {unknown}
 m - a potion of curing {unknown}
Comestibles
 f - 3 rations
 o - 2 chunks of flesh


   Skills:
 + Level 2.6 Fighting
 - Level 1.0 Stealth
 - Level 3.0 Spellcasting
   Level 2.0 Hexes
   Level 1.0 Necromancy
   Level 1.0 Air Magic
 - Level 2.0 Earth Magic
   Level 1.0 Evocations


You had 8 spell levels left.
You knew the following spells:

 Your Spells              Type           Power        Failure   Level  Hunger
a - Sandblast             Erth           #.....       10%         1    #......

Your spell library contained the following spells:

 Spells                   Type           Power        Failure   Level  Hunger
 Animate Skeleton         Necr           N/A          16%         1    #......
 Pain                     Necr           #...         16%         1    #......
 Stone Arrow              Conj/Erth      #.....       41%         3    ###....
 Vampiric Draining        Necr           #.........   41%         3    ###....
 Regeneration             Chrm/Necr      #.........   50%         3    ###....
 Animate Dead             Necr           N/A          83%         4    #####..


Dungeon Overview and Level Annotations

Branches:
Dungeon (3/15)

Altars:
Okawaru
Ru

Annotations:
D:2 Terence


Message History

You hear a shout! x2
The quokka barely misses you.
An orc comes into view. It is wielding a +0 whip.
The quokka completely misses you.
You barely miss the quokka. The quokka closely misses you.
Casting: Sandblast (safe; 10% risk of failure)
Confirm with . or Enter, or press ? or * to list all spells.
Aiming: Sandblast (safe; 10% risk of failure)
Press: ? - help, Shift-Dir - straight line, f - quokka
Aim: a quokka The blast of sand hits the quokka.
The quokka is heavily wounded.
e - 55 stones The quokka bites you.
* * * LOW HITPOINT WARNING * * *
The orc hits you.
* * * LOW HITPOINT WARNING * * *
An orc comes into view. It is wielding a +0 club.
The quokka bites you.
You die...

###.#####
.....lr@#
o....So.#
....J.?.#
..o.....#
?..o....#
........#
[...?...#
........#


You could see an ooze, an adder, 4 orcs, a quokka and a frilled lizard.

Vanquished Creatures
  2 adders (D:2)
  A dart slug (D:2)
  A leopard gecko (D:1)
  2 bats
  6 goblins (D:1)
  2 hobgoblins
  A ball python (D:2)
  2 frilled lizards (D:1)
  5 kobolds (D:1)
  6 rats
28 creatures vanquished.

Notes
Turn   | Place    | Note
-------+----------+-------------------------------------------
     0 | D:1      | MisterFreud the Human Wanderer began the quest for the Orb.
     0 | D:1      | MisterFreud set off with the following items: a +0 club, a
                  | potion of lignification, a +0 robe, a ration; and the
                  | following spells available to memorise: Animate Skeleton,
                  | Pain, Sandblast, Vampiric Draining, Regeneration, Stone
                  | Arrow, Animate Dead
     0 | D:1      | Reached XP level 1. HP: 13/13 MP: 4/4
     2 | D:1      | Learned a level 1 spell: Sandblast
   341 | D:1      | Reached XP level 2. HP: 7/20 MP: 6/6
   341 | D:1      | Reached skill level 1 in Fighting
  1190 | D:1      | Reached XP level 3. HP: 26/26 MP: 7/7
  1319 | D:2      | Found an iron altar of Okawaru.
  1668 | D:2      | Found a sacrificial altar of Ru.
  2012 | D:2      | Reached XP level 4. HP: 31/34 MP: 8/8
  2043 | D:2      | Noticed Terence
  2109 | D:3      | Slain by a quokka

Levels and vault maps discovered:
D:1:      saegor_arrival_simple_a, layout_rooms, minmay_domino_4
D:2:      layout_loops_corners, lemuel_crystal_altar, overflow_temple_1_default,
          uniq_terence
D:3:      layout_rooms, elyvilon_altar_5

Skill      XL: |  1  2  3 |
---------------+----------+-----
Fighting       | 1 2 |  2.6
Earth Magic    | 2 |  2.0
Stealth        | |  1.0
Spellcasting   | |  3.0
Hexes          | |  2.0
Necromancy     | |  1.0
Air Magic      | |  1.0
Evocations     | |  1.0

Action                   |  1- 3 |  4- 6 || total
-------------------------+-------+-------++-------
Melee: Hand axe          |    71 |    16 ||    87
       Club              |    11 |       ||    11
 Cast: Sandblast         |     3 |     5 ||     8
 Stab: Sleeping          |     1 |       ||     1
  Eat: Chunk             |     3 |     1 ||     4
Armor: Robe              |    14 |     2 ||    16
Dodge: Dodged            |    55 |    14 ||    69

Table legend:
 A = Non-vault XP
 B = Vault XP
 C = Vault XP percentage of total XP
 D = Non-vault monster count
 E = Vault monster count
 F = Vault count percentage of total count
                 A         B        C        D         E       F
            +---------+---------+-------+---------+---------+-------
      Total |      65 |       4 |   5.8 |      25 |       3 |  10.7
            +---------+---------+-------+---------+---------+-------
        D:1 |      29 |       4 |  12.1 |      18 |       3 |  14.3
        D:2 |      36 |       0 |   0.0 |       7 |       0 |   0.0
            +---------+---------+-------+---------+---------+-------
